 Dungeon Crawl Stone Soup version 0.25-b1-50-g7b83aa72e5 (webtiles) character file.

Game seed: 10112516213024009427

53 Descartes the Scratcher (level 3, 0/15 HPs)
             Began as a Felid Transmuter on June 12, 2020.
             Slain by an adder (2 damage)
             ... on level 2 of the Dungeon.
             The game lasted 00:03:18 (1298 turns).

Descartes the Scratcher (Felid Transmuter)          Turns: 1298, Time: 00:03:18

Health: 0/15       AC:  1    Str:  6 (7)  XL:     3   Next: 62%
Magic:  6/7        EV: 18    Int: 12 (14) God:
Gold:   101        SH:  0    Dex: 15 (16) Spells: 5/6 levels left
                                        Lives:  0   Deaths: 0

rFire    + . .     SeeInvis +     - Unarmed
rCold    + . .     Gourm    .   (shield unavailable)
rNeg     . . .     Faith    .   (armour unavailable)
rPois    +         Spirit   .   (helmet unavailable)
rElec    +         Reflect  .   (cloak unavailable)
rCorr    +         Harm     .   (gloves unavailable)
MR       .....                  (boots unavailable)
Stlth    ++........             (no amulet)
HPRegen  0.05/turn              (no ring)
MPRegen  0.10/turn              (no ring)

@: appendage (expiring), resistant, flying, very slightly contaminated, quick
A: very small, no armour, no weapons or thrown items, stealth, claws 1, fangs 3,
horns 2, see invisible, carnivore, speed 1, shaggy fur 1, slow metabolism 1,
sharp paws
a: End Transformation


You were on level 2 of the Dungeon.
You were completely stuffed.
You had grown temporary horns.
You visited 1 branch of the dungeon, and saw 2 of its levels.

You collected 101 gold pieces.

Inventory:

Missiles
 a - 12 arrows
Jewellery
 h - an uncursed ring of flight
Scrolls
 b - 2 scrolls of teleportation {unknown}
 g - 3 scrolls of amnesia {unknown}
 j - a scroll of identify {unknown}
 k - a scroll of magic mapping {unknown}
Potions
 d - 2 potions of degeneration
 f - a potion of flight
Comestibles
 c - a ration


   Skills:
 + Level 1.5 Fighting
 + Level 3.1 Dodging
 * Level 2.4 Stealth
 * Level 3.5 Unarmed Combat
 - Level 2.0 Spellcasting
 + Level 2.6 Transmutations


You had 5 spell levels left.
You knew the following spells:

 Your Spells              Type           Power        Failure   Level  Hunger
a - Beastly Appendage     Tmut           #.....       10%         1    ##.....

Your spell library contained the following spells:

 Spells                   Type           Power        Failure   Level  Hunger
 Sticks to Snakes         Tmut           #.......     14%         2    ###....
 Spider Form              Tmut/Pois      #.........   43%         3    ####...
 Ice Form                 Ice/Tmut       #.......     85%         4    #####..
 Blade Hands              Tmut           #.........   95%         5    ######.


Dungeon Overview and Level Annotations

Branches:
Dungeon (2/15)

Altars:


Innate Abilities, Weirdness & Mutations

You cannot wear armour.
You are incapable of wielding weapons or throwing items.
Your paws allow you to move quietly. (Stealth)
You have sharp claws.
You have razor-sharp teeth.
You have supernaturally acute eyesight. (SInv)
You are carnivorous and can eat meat at any time.
You cover ground quickly.
You are covered in fur. (AC +1)
You have a slow metabolism.
Your sharp claws are effective at attacking unaware monsters.
You have a pair of horns on your head.


Message History

Natasha barely misses you.
You claw Natasha!
You kill Natasha!
Natasha screams in pain as she dies!
You scratch the adder.
The adder is moderately wounded.
Your transformation is almost over.
The adder closely misses you.
You closely miss the adder. Your headbutt misses the adder.
The adder is moderately wounded.
The adder bites you.
* * * LOW HITPOINT WARNING * * *
The adder bites you.
* * * LOW HITPOINT WARNING * * *
Unknown command.
You scratch the adder but do no damage. You headbutt the adder!
You bite the adder, but do no damage.
The adder is almost dead.
The adder bites you.
You die...

... .. ######+#[.
#........ #........
#.......#
#.......###....
#.......S$#...
#...?...#@#..#
#.......#.#..##
#.......#.#...
#.......#.#.###### #
############...........
#.≈≈≈≈....≈≈..#.###..#.
#≈.≈≈.≈..≈..≈..........
#.≈≈≈≈≈≈≈≈≈≈≈.#......#
#..≈≈≈≈≈≈≈≈≈≈.#...##.#


You could see an adder.

Vanquished Creatures
  Natasha (D:2)
  A dart slug (D:1)
  2 giant cockroaches (D:1)
  4 goblins
  5 hobgoblins (D:1)
  4 jackals (D:1)
  2 kobolds (D:1)
  A ball python (D:2)
  3 rats (D:1)
23 creatures vanquished.

Notes
Turn   | Place    | Note
-------+----------+-------------------------------------------
     0 | D:1      | Descartes the Felid Transmuter began the quest for the Orb.
     0 | D:1      | Reached XP level 1. HP: 9/9 MP: 4/4
    84 | D:1      | Reached skill level 1 in Stealth
   274 | D:1      | Reached XP level 2. HP: 12/12 MP: 6/6
  1190 | D:2      | Found a faded altar of an unknown god.
  1250 | D:2      | Reached XP level 3. HP: 15/15 MP: 5/7
  1280 | D:2      | Noticed Natasha
  1295 | D:2      | Killed Natasha
  1298 | D:2      | Slain by an adder

Illustrated notes

Levels and vault maps discovered:
D:1:      tarquinn_simple_flora_water_f, layout_rooms
D:2:      kennysheep_the_goblin_king, layout_basic, makhleb_altar_promises_db,
          chequers_ecumenical_altar_island, uniq_natasha

Skill      XL: |  1  2 |
---------------+-------+-----
Stealth        | 1 2 |  2.4
Dodging        | 3 |  3.1
Fighting       | |  1.5
Unarmed Combat | |  3.5
Spellcasting   | |  2.0
Transmutations | |  2.6

Action                   || total
-------------------------++-------
Melee: Unarmed           ||    67
       Bite              ||     6
       Punch             ||     2
       Headbutt          ||     1
 Cast: Beastly Appendage ||     5
  Use: Potion            ||     4
 Stab: Sleeping          ||     1
  Eat: Chunk             ||     8
Armor: Skin              ||     2
Dodge: Dodged            ||    49
